 Dungeon Crawl Stone Soup version 0.18-a0-1577-gf591c28 (webtiles) character file.

5877 George the Severer (level 10, -6/76 (77) HPs)
             Began as a Minotaur Gladiator on Mar 23, 2016.
             Was an Initiate of Makhleb.
             Mangled by a yak (10 damage)
             ... on level 9 of the Dungeon.
             The game lasted 00:16:21 (9020 turns).

George the Severer (Minotaur Gladiator)             Turns: 9020, Time: 00:16:21

HP:   -6/76 (77)    AC: 10    Str: 23      XL:     10   Next: 52%
MP:   9/10          EV:  7    Int:  5      God:    Makhleb [......]
Gold: 749           SH:  0    Dex: 10 (11) Spells: 0 memorised, 9 levels left

rFire  + . .     SeeInvis .     Z - +0 battleaxe
rCold  . . .     Gourm    .     Q - +0 plate armour
rNeg   . . .     Faith    .     (shield currently unavailable)
rPois  .         Spirit   .     c - +0 hat
rElec  .         Dismiss  .     (no cloak)
rCorr  +         Reflect  .     (no gloves)
SustAt .         Harm     .     (no boots)
MR     .....                    P - amulet of rage
Stlth  ..........               X - ring of protection from fire
                                H - ring of resist corrosion

@: not resistant to hostile enchantments, extremely unstealthy
A: retaliatory headbutt, horns 2
a: Renounce Religion, Evoke Berserk Rage


You were on level 9 of the Dungeon.
You worshipped Makhleb.
Makhleb was noncommittal.
You were not hungry.

You visited 2 branches of the dungeon, and saw 10 of its levels.

You collected 749 gold pieces.

Inventory:

Hand Weapons
 E - a +2 flail of protection
 Z - a +0 battleaxe (weapon)
Missiles
 d - 2 throwing nets (quivered)
Armour
 c - a +0 hat (worn)
 Q - a +0 plate armour (worn)
Jewellery
 z - an uncursed ring of ice
 H - a ring of resist corrosion (left hand)
 P - an amulet of rage (around neck)
 X - a ring of protection from fire (right hand)
Wands
 V - a wand of iceblast (9/15)
Scrolls
 i - 5 scrolls of teleportation
 q - 3 scrolls of remove curse
 y - a scroll of magic mapping
Potions
 h - a potion of agility
 k - 3 potions of cure mutation
 p - a potion of resistance
 s - 8 potions of curing
 A - a potion of berserk rage
 F - 3 potions of heal wounds
 K - a potion of ambrosia
 T - 2 potions of flight
Comestibles
 f - 9 bread rations
 g - 9 slices of pizza
 u - 6 meat rations
 x - 4 beef jerkies
 U - 5 fruits


   Skills:
 + Level 3.1 Fighting
 + Level 17.4 Axes
 - Level 2.0 Throwing
 + Level 1.9 Armour
 - Level 3.2 Dodging
 + Level 1.4 Invocations


You had 9 spell levels left.
You didn't know any spells.

Dungeon Overview and Level Annotations

Branches:
Dungeon (9/15)             Temple (1/1) D:4            Lair (0/8) D:8
    Orc: D:9-12

Altars:
Ashenzari
Cheibriados
Dithmenos
Elyvilon
Fedhas
Gozag
Kikubaaqudgha
Makhleb
Nemelex Xobeh
Okawaru
Pakellas
Qazlal
Ru
Sif Muna
Trog
Vehumet
Xom
Yredelemnul
Zin
The Shining One

Shops:
D:7 :   D:8 ?(

Annotations:
D:1 dig


Innate Abilities, Weirdness & Mutations

You reflexively headbutt those who attack you in melee.
You have a pair of horns on your head.


Message History

You slash the yak!
The yak is moderately wounded.
The yak gores you.
* * * LOW HITPOINT WARNING * * *
The yak gores you!
* * * LOW HITPOINT WARNING * * *
You slash the yak!
The yak is severely wounded.
You slash the yak!
The yak is almost dead.
The yak gores you!
* * * LOW HITPOINT WARNING * * *
You hit the yak. You headbutt the yak.
You kill the yak!
Makhleb accepts your kill.
Your Fighting skill increases to level 3!
Things that are here:
a halberd of freezing; a robe The yak gores you!
You die...

..# #...###...### #........^...
#.# ##### ##.## ###.######.#. #.#
#...# ######.### #.#. ..#####
#...####.....)..####... .[....#
#.........###......####
.##.#.#####....###..# #.#.##.#...
.#....#.....(.......# #.#.##.#...
#...................# #.#........
.#....#.........@Y#)###.####.#...
##.##.###.........Y).)....##.#...
......# #.#....####.###......####
##.#### #.#....# #.##..#)#####
#.# #.#....# #.##.#).....# #.#
#.##.#.# #†##.#.)###.# ##.#
#......# #.......###.###
...#########.### ##>#.#.##.....#
.....##)..##.#######........#....


You could see 2 yaks.

Vanquished Creatures
  An elephant (D:8)
  A troll (D:9)
  Sigmund (D:3)
  7 yaks
  A human (D:8)
  A hippogriff (D:7)
  2 hungry ghosts
  Edmund (D:4)
  2 orc warriors
  A necrophage (D:8)
  2 ice beasts
  2 sky beasts
  2 ogres
  A black bear (D:9)
  5 centaurs
  3 crocodiles
  6 giant frogs
  2 scorpions
  10 wights
  3 crimson imps
  A centaur zombie (D:7)
  A howler monkey (D:3)
  A giant frog zombie (D:9)
  A quasit (D:9)
  2 giant frog skeletons (D:6)
  A jelly (D:5)
  2 hounds (D:7)
  5 orc wizards
  A centaur skeleton (D:7)
  3 iguanas
  7 worker ants
  2 sheep (D:8)
  A hound skeleton (D:9)
  7 gnolls
  10 adders
  2 shadow imps
  An ooze (D:6)
  3 adder skeletons
  An adder zombie (D:8)
  3 worms
  3 dart slugs
  3 giant geckos
  18 orcs
  8 bats
  5 giant cockroaches
  5 goblins
  5 hobgoblins
  2 jackals (D:1)
  8 kobolds
  3 quokkas
  A ball python (D:1)
  A giant gecko skeleton (D:4)
  A giant newt (D:2)
  A quokka skeleton (D:6)
  4 rats
  A spectral orc (D:5)
178 creatures vanquished.

Vanquished Creatures (others)
  An ogre (D:5)
1 creature vanquished.

Grand Total: 179 creatures vanquished

Notes
Turn   | Place    | Note
--------------------------------------------------------------
     0 | D:1      | George the Minotaur Gladiator began the quest for the Orb.
     0 | D:1      | Reached XP level 1. HP: 18/18 MP: 0/0
   179 | D:1      | Reached skill level 4 in Axes
   297 | D:1      | Reached XP level 2. HP: 25/25 MP: 1/1
   595 | D:2      | Found a faded altar to an unknown god.
   657 | D:2      | Reached skill level 5 in Axes
   672 | D:2      | Found a shadowy altar of Dithmenos.
   678 | D:2      | Reached XP level 3. HP: 20/30 MP: 2/2
  1387 | D:3      | Found a white marble altar of Elyvilon.
  1395 | D:3      | Noticed Sigmund
  1411 | D:3      | Killed Sigmund
  1411 | D:3      | Reached skill level 7 in Axes
  1411 | D:3      | Reached XP level 4. HP: 12/37 MP: 3/3
  1411 | D:3      | Reached XP level 5. HP: 13/42 MP: 4/4
  1695 | D:3      | Reached skill level 8 in Axes
  1699 | D:3      | Reached XP level 6. HP: 50/50 MP: 5/5
  1933 | D:3      | Found a glowing golden altar of the Shining One.
  2363 | D:4      | Found a staircase to the Ecumenical Temple.
  2387 | Temple   | Entered the Ecumenical Temple
  2490 | D:4      | Found a shimmering altar of Xom.
  2629 | D:4      | Reached skill level 9 in Axes
  2641 | D:4      | Noticed Edmund
  2669 | D:4      | Killed Edmund
  2669 | D:4      | Reached XP level 7. HP: 28/56 MP: 6/6
  3010 | D:4      | Reached skill level 10 in Axes
  3546 | D:5      | Entered Level 5 of the Dungeon
  3662 | D:5      | Found a basalt altar of Yredelemnul.
  3793 | D:5      | Reached skill level 11 in Axes
  4082 | D:5      | Reached XP level 8. HP: 60/62 MP: 7/7
  4164 | D:5      | Found a stormy altar of Qazlal.
  4400 | D:6      | Reached skill level 12 in Axes
  4714 | D:6      | Found an oddly glowing altar of Pakellas.
  4892 | D:6      | Found a radiant altar of Vehumet.
  4963 | D:6      | Found a sacrificial altar of Ru.
  5225 | D:7      | Reached skill level 13 in Axes
  5427 | D:7      | Found Hayrouja's Book Emporium.
  5432 | D:7      | Reached XP level 9. HP: 50/68 MP: 8/8
  5497 | D:7      | Reached skill level 14 in Axes
  6044 | D:8      | Found Toxt's Weapon Shop.
  6061 | D:8      | Found Kyerphi's Magic Scroll Shoppe.
  6225 | D:8      | Found a deep blue altar of Sif Muna.
  6478 | D:8      | Reached skill level 15 in Axes
  6688 | D:8      | Found a staircase to the Lair.
  6688 | D:8      | Noticed an elephant
  6724 | D:8      | Killed an elephant
  7220 | D:8      | Reached skill level 16 in Axes
  7360 | D:8      | Found a basalt altar of Yredelemnul.
  7517 | D:8      | Reached XP level 10. HP: 35/73 MP: 9/9
  8126 | D:9      | Found an iron altar of Okawaru.
  8179 | D:9      | Reached skill level 17 in Axes
  8530 | D:9      | Found a blossoming altar of Fedhas.
  8543 | D:9      | Found a sparkling altar of Nemelex Xobeh.
  8797 | D:9      | Found a shattered altar of Ashenzari.
  8830 | D:9      | Found a burning altar of Makhleb.
  8838 | D:9      | Became a worshipper of Makhleb the Destroyer
  8881 | D:9      | Found an ancient bone altar of Kikubaaqudgha.
  8999 | D:9      | Reached skill level 1 in Armour
  9005 | D:9      | Reached skill level 1 in Invocations
  9014 | D:9      | HP: 3/74 [yak (11)]
  9020 | D:9      | Mangled by a yak

Vault maps used:
D:1:      ncdulo_watergridlock, item_on_display_a
D:2:      grunt_dithmenos_smoke, ecumenical_altar_2
D:3:      nicolae_overflow_hidden_temple, tso_oasis_becter, uniq_sigmund
D:4:      xom_butterflies, minmay_temple_entry_grid, first_bread,
          minmay_misc_feat_more_columns, eino_curves_01, uniq_edmund
D:5:      yredelemnul_forgotten_temple_becter, nicolae_qazlal_eye_of_the_storm
D:6:      lemuel_doored_altar, fiery_altar_vehumet, grunt_pakellas_sulfur
D:7:      serial_shops, shop_coins
D:8:      overflow_temple_1_default, david_lair_generic, basic_altar,
          serial_shops, shop, nicolae_shop_trees, grunt_livestock
D:9:      bloody_makhleb, kennysheep_mini, grunt_temple_overflow_open,
          st_stairs_9, kennysheep_okawaru_gauntlet
Temple:   nicolae_temple_hex_pool_5

Skill      XL: |  1  2  3  4  5  6  7  8  9 10 |
---------------+-------------------------------+-----
Axes           | 4 5 7 8 9 11 13 16 17 | 17.4
Armour         | 1 |  1.9
Invocations    | 1 |  1.4
Fighting       | 3 |  3.1
Throwing       | |  2.0
Dodging        | |  3.2

Action                   |  1- 3 |  4- 6 |  7- 9 | 10-12 || total
-------------------------+-------+-------+-------+-------++-------
Melee: War axe           |    77 |    78 |   313 |    93 ||   561
       Battleaxe         |       |       |       |    55 ||    55
Throw: Throwing net      |       |       |     1 |       ||     1
  Use: Scroll            |       |       |    18 |     4 ||    22
 Stab: Distracted        |       |       |     1 |       ||     1
  Eat: Chunk             |     1 |     4 |    18 |     6 ||    29
       Fruit             |       |       |       |     2 ||     2
